Map: Lerilak Crest

Players

LilDicky

  • Race: Terran Terran
  • League: Diamond

Dacrazies - Winner!

  • Race: Zerg Zerg
  • League: Platinum

VOD

http://www.twitch.tv/tumescentpie

Description

Time

  • Played on: Jan. 1, 2016, 4 p.m.
  • Length: 5:49
Show
View Real Time Build Order
Export as new Build Order

LilDicky Terran 

Build Orders: Command Center First (CC) 

Get SALT Encoding   

  12  0:01  SCV  
  13  0:14  SCV  
  13  0:17  Supply Depot  
  14  0:26  SCV  
  15  0:39  SCV  
  16  0:51  SCV  
  17  1:03  SCV  
  18  1:06  Command Center  
  18  1:15  SCV  
  19  1:26  Supply Depot  
  19  1:27  SCV  
  19  1:32  Refinery  
  20  1:34  Refinery  
  20  1:43  SCV  
  21  1:55  SCV  
  22  2:14  SCV  
  23  2:23  Barracks  
  23  2:26  Barracks x2  
  23  2:29  Barracks  
  23  2:32  SCV  
  23  2:35  SCV  
  24  2:44  SCV  
  24  2:47  SCV  
  26  2:57  Supply Depot, SCV  
  27  3:09  SCV  
  27  3:10  SCV  
  30  3:15  Barracks Tech Lab  
  30  3:18  Barracks Tech Lab  
  30  3:19  Barracks Reactor x2  
  29  3:35  Orbital Command  
  29  3:48  Marine x2  
  31  4:02  Marine  
  32  4:05  Marine  
  32  4:06  Marine  
  32  4:09  Marine  
  35  4:13  Marine  
  36  4:21  Marine x2  
  38  4:25  Marine  
  38  4:26  SCV  
  40  4:34  Orbital Command  
  40  4:55  Marine x3  
  40  4:56  Orbital Command  
  40  4:57  Marine x2  
  45  5:06  SCV  
  46  5:07  Supply Depot, Marine  
  47  5:15  Marine x2  
  47  5:18  SCV  
Show
View Real Time Build Order
Export as new Build Order

Dacrazies Zerg - Winner!

Build Orders: Hatch First 

Get SALT Encoding   

  12  0:00  Drone  
  13  0:12  Overlord  
  13  0:17  Drone  
  14  0:30  Drone x2  
  14  0:34  Drone  
  17  0:54  Hatchery  
  17  0:56  Drone  
  17  1:00  Drone  
  17  1:02  Extractor  
  17  1:16  Spawning Pool  
  16  1:18  Drone  
  16  1:24  Drone  
  18  1:28  Drone  
  19  1:38  Overlord  
  19  2:03  Metabolic Boost, Queen  
  19  2:05  Queen  
  19  2:07  Zergling x2  
  24  2:09  Zergling x2  
  24  2:12  Zergling x2  
  24  2:15  Drone  
  27  2:18  Drone  
  27  2:21  Drone  
  29  2:27  Drone  
  30  2:41  Queen  
  32  2:48  Queen  
  32  2:51  Overlord  
  34  2:52  Drone  
  34  2:54  Drone  
  36  3:15  Hatchery  
  36  3:17  Drone x2  
  36  3:18  Drone  
  38  3:21  Drone  
  38  3:23  Drone  
  41  3:27  Drone  
  41  3:34  Drone  
  41  3:35  Drone x2  
  44  3:42  Roach Warren  
  44  3:44  Drone  
  44  3:47  Overlord  
  44  3:58  Overlord  
  44  4:03  Extractor  
  44  4:06  Evolution Chamber  
  40  4:20  Drone x8  
  48  4:24  Lair  
  48  4:25  Roach x3  
  48  4:29  Overlord  
  54  4:38  Roach  
  54  4:39  Roach x2  
  54  4:44  Roach  
  54  4:45  Roach  
  64  4:50  Roach  
  66  4:59  Roach x2  
  70  5:01  Overlord x2  
  68  5:25  Roach x5  
  74  5:35  Drone  
  74  5:36  Drone x9  
  84  5:45  Extractor x2  
Tags
 
Add a new tag
Caveats
  • Supply blocks, unpowered buildings, or Contaminate may cause inaccurate times.
  • Supply counts are checked every 10 seconds.